 Dungeon Crawl Stone Soup version 0.17.1-3-g152610e (webtiles) character file.

23458 Heskey the Fighter (level 12, -6/108 HPs)
             Began as a Demonspawn Fighter on Mar 28, 2016.
             Was a High Priest of Okawaru.
             Mangled by a skeletal warrior
             ... wielding a +0 dire flail
              (9 damage)
             ... on level 14 of the Dungeon.
             The game lasted 00:24:18 (13704 turns).

Heskey the Fighter (Demonspawn Fighter)            Turns: 13704, Time: 00:24:19

Health: -6/108     AC: 29    Str: 21    XL:     12   Next: 72%
Magic:  17/17      EV:  8    Int: 15    God:    Okawaru [*****.]
Gold:   872        SH: 11    Dex: 16    Spells: 0 memorised, 11 levels left

rFire  + . .     SeeInvis .     u - +1 morningstar
rCold  + . .     Clarity  .     n - +1 plate armour
rNeg   . . .     SustAt   .     c - +0 shield
rPois  .         Gourm    .     D - +2 helmet "Wygh" {rC+}
rElec  .         Spirit   .     k - +2 cloak
rCorr  .         Warding  .     F - +0 pair of gloves
rMut   .         Stasis   .     r - +1 pair of boots {run}
MR     .....                    (no amulet)
Stlth  ..........               m - +3 ring of dexterity
                                y - ring of protection from fire

@: brilliant, lethally poisoned (-6 -> -6), heroism, quick, not resistant to
hostile enchantments, extremely unstealthy
A: talons 2, nightstalker 1, spiny 3
a: Heroism, Finesse, Renounce Religion


You were on level 14 of the Dungeon.
You worshipped Okawaru.
Okawaru was extremely pleased with you.
You were hungry.

You visited 2 branches of the dungeon, and saw 15 of its levels.

You collected 872 gold pieces.

Inventory:

Hand Weapons
 u - a +1 morningstar (weapon)
Missiles
 w - 2 exploding tomahawks (quivered)
 O - 3 tomahawks of dispersal
Armour
 c - a +0 shield (worn)
 k - a +2 cloak (worn)
 n - a +1 plate armour (worn)
 r - a +1 pair of boots of running (worn)
 D - the +2 helmet "Wygh" (worn) {rC+}
   (You found it on level 9 of the Dungeon)

   It protects you from cold.
 F - a +0 pair of gloves (worn)
Jewellery
 m - a +3 ring of dexterity (right hand)
 y - a ring of protection from fire (left hand)
Wands
 b - a wand of cold (5)
 d - a wand of paralysis (0)
 h - a wand of draining (2)
 i - a wand of magic darts (34)
 o - a wand of magic darts (24)
 A - a wand of magic darts (7)
 E - a wand of magic darts (19)
 H - a wand of teleportation (6)
 M - a wand of cold (2)
 P - a wand of disintegration (12)
 R - a wand of slowing (24)
Scrolls
 a - 9 scrolls of remove curse
 g - 9 scrolls of teleportation
 l - 6 scrolls of identify
 s - 6 scrolls of enchant weapon
 B - a scroll of fear
 J - a scroll of silence {unknown}
 K - a scroll of holy word {unknown}
 N - a scroll of enchant armour
Potions
 j - 3 potions of resistance
 p - 2 potions of might
 q - 2 potions of brilliance
 t - 2 potions of agility
 G - a potion of poison
 Q - a potion of cancellation {unknown}
Books
 L - a book of Ice

   Spells                             Type                      Level
   a - Ice Form                       Ice/Transmutation            4
   b - Metabolic Englaciation         Hexes/Ice                    5
   c - Ozocubu's Refrigeration        Ice                          6
   d - Bolt of Cold                   Conjuration/Ice              6
   e - Freezing Cloud                 Conjuration/Ice/Air          6
   f - Simulacrum                     Ice/Necromancy               6
Miscellaneous
 x - a sack of spiders
 I - an ornate deck of summoning
Comestibles
 e - 7 bread rations
 f - 7 beef jerkies
 v - 3 slices of pizza
 z - 3 meat rations
 C - 36 fruits


   Skills:
 * Level 14.5(19.5) Fighting
 + Level 9.7(14.7) Maces & Flails
 + Level 10.1(15.1) Armour
 - Level 2.6(7.6) Shields
 - Level 7.1 Invocations


You had 11 spell levels left.
You didn't know any spells.

Dungeon Overview and Level Annotations

Branches:
Dungeon (14/15)            Temple (1/1) D:5            Lair (0/8) D:8
    Orc (0/4) D:10
 Vaults: D:13-14

Altars:
Ashenzari
Dithmenos
Elyvilon
Fedhas
Gozag
Kikubaaqudgha
Nemelex Xobeh
Okawaru
Trog
Xom
Zin
The Shining One
Beogh

Shops:
D:4 [   D:5 !   D:9 :

Annotations:
D:6 Prince Ribbit


Innate Abilities, Weirdness & Mutations

You have razor-sharp toenails.
You are slightly more attuned to the shadows.
You are completely covered in sharp spines.


Message History

Your shield and plate armour prevent you from hitting the skeletal warrior.
The skeletal warrior is moderately damaged.
The skeletal warrior hits you with a dire flail!
* * * LOW HITPOINT WARNING * * *
You hit the skeletal warrior but do no damage.
The skeletal warrior is moderately damaged.
The skeletal warrior is struck by your spines.
The skeletal warrior hits you but does no damage.
You puncture the skeletal warrior!
The skeletal warrior is heavily damaged.
You hit the skeletal warrior.
The skeletal warrior is severely damaged.
You feel sick.
The skeletal warrior is struck by your spines.
The skeletal warrior hits you but does no damage.
You completely miss the skeletal warrior.
The skeletal warrior is severely damaged.
The skeletal warrior is struck by your spines.
The skeletal warrior hits you with a dire flail!
You die...

##### #.... #.### ## #.
... .####### ######+##. ..
.......# #.......#.
#.##.######.#####.......##
.......).@z.....'.......'.
##.#.######..####.......##
# ##.## #.......# #..#
#.......# ##.#########...
#..# #..# ##.# #..# #.#
#.#


You could see a skeletal warrior.

Vanquished Creatures
  2 centaur warriors
  The ghost of bollicks1999 the Blocker, a novice MiFi of the Shining One (D:9)
  Urug (D:11)
  An unseen horror (D:11)
  A skeletal warrior (D:14)
  Pikel (D:7)
  2 hill giants
  A manticore (D:14)
  6 ugly things
  A griffon (D:14)
  2 cyclopes
  Maurice (D:9)
  12 orc warriors
  2 gargoyles
  An efreet (D:14)
  2 komodo dragons (D:10)
  4 trolls (D:11)
  Grinder (D:4)
  A wraith (D:13)
  2 deep elf magi
  A hungry ghost (D:8)
  17 yaks
  The ghost of kaze the Chopper, an amateur DsGl of Makhleb (D:4)
  4 hippogriffs
  Edmund (D:6)
  A sky beast (D:8)
  4 ice beasts
  5 ogres
  2 water moccasins
  4 necrophages
  An eye of draining (D:9)
  2 black bears
  A phantom (D:3)
  8 centaurs
  6 giant frogs
  3 big kobolds
  Blork the orc (D:5)
  A brain worm (D:11)
  3 scorpions
  2 wyvern skeletons
  10 killer bees
  6 crimson imps
  A giant frog zombie (D:7)
  3 hounds
  6 jellies
  12 orc priests
  5 centaur skeletons
  2 giant frog skeletons
  18 orc wizards
  2 iguanas
  18 worker ants
  A hound zombie (D:5)
  A worker ant zombie (D:8)
  18 adders
  3 shadow imps
  2 oozes
  2 adder skeletons
  An adder zombie (D:5)
  4 worms
  56 orcs
  9 bats
  5 giant cockroaches
  7 goblins
  7 hobgoblins
  22 jackals
  20 kobolds
  3 quokkas
  A giant cockroach zombie (D:7)
  7 giant geckos
  2 giant gecko skeletons
  A giant gecko zombie (D:4)
  6 giant newts
  14 rats
388 creatures vanquished.

Vanquished Creatures (others)
  4 slaves (D:7)
  An ogre (D:7)
  An orc wizard (D:7)
  An orc (D:7)
7 creatures vanquished.

Grand Total: 395 creatures vanquished

Notes
Turn   | Place    | Note
--------------------------------------------------------------
     0 | D:1      | Heskey the Demonspawn Fighter began the quest for the Orb.
     0 | D:1      | Reached XP level 1. HP: 18/18 MP: 1/1
   173 | D:1      | Gained mutation: You are slightly more attuned to the shadows. [demonic ancestry]
   173 | D:1      | Reached XP level 2. HP: 8/24 MP: 2/2
  1490 | D:2      | Gained mutation: You are partially covered in sharp spines. [demonic ancestry]
  1490 | D:2      | Reached XP level 3. HP: 28/30 MP: 3/3
  1508 | D:2      | Reached skill level 4 in Fighting
  1810 | D:2      | Gained mutation: You are mostly covered in sharp spines. [demonic ancestry]
  1810 | D:2      | Reached XP level 4. HP: 34/37 MP: 4/4
  2330 | D:3      | Noticed a phantom
  2347 | D:3      | Killed a phantom
  2347 | D:3      | Gained mutation: You have sharp toenails. [demonic ancestry]
  2347 | D:3      | Reached XP level 5. HP: 40/43 MP: 5/5
  2427 | D:3      | Found a bloodstained altar of Trog.
  2452 | D:3      | Reached skill level 5 in Fighting
  2651 | D:3      | Reached XP level 6. HP: 51/51 MP: 6/6
  3091 | D:4      | Found a sparkling altar of Nemelex Xobeh.
  3091 | D:4      | Noticed a slime creature
  3526 | D:4      | Found a sparkling altar of Nemelex Xobeh.
  3592 | D:4      | Noticed kaze's ghost (amateur DsGl)
  3601 | D:4      | Noticed Grinder
  3601 | D:4      | Killed kaze's ghost
  3601 | D:4      | Reached skill level 6 in Fighting
  3601 | D:4      | Gained mutation: You are completely covered in sharp spines. [demonic ancestry]
  3601 | D:4      | Reached XP level 7. HP: 41/58 MP: 7/7
  3608 | D:4      | Paralysed by Grinder for 2 turns
  3611 | D:4      | Killed Grinder
  3724 | D:4      | Found Faxiheq's Armour Shoppe.
  3738 | D:4      | Found an opulent altar of Gozag.
  3775 | D:4      | Identified a +0 pair of boots of running (You found it on level 4 of the Dungeon)
  3788 | D:5      | Entered Level 5 of the Dungeon
  3824 | D:5      | Found Cesseu Kiama's Distillery.
  3840 | D:5      | Found a staircase to the Ecumenical Temple.
  3849 | D:5      | Reached skill level 7 in Fighting
  3913 | D:5      | Gained mutation: You have razor-sharp toenails. [demonic ancestry]
  3913 | D:5      | Reached XP level 8. HP: 65/67 MP: 8/8
  3925 | Temple   | Entered the Ecumenical Temple
  3941 | Temple   | Became a worshipper of Warmaster Okawaru
  4014 | D:5      | Found a glowing silver altar of Zin.
  4027 | D:5      | Noticed Blork the orc
  4038 | D:5      | Killed Blork the orc
  4038 | D:5      | Reached skill level 5 in Armour
  4265 | D:6      | Reached skill level 1 in Invocations
  4575 | D:6      | Reached skill level 8 in Fighting
  4575 | D:6      | Reached skill level 5 in Maces & Flails
  4600 | D:6      | Found a shattered altar of Ashenzari.
  4611 | D:6      | Noticed Prince Ribbit
  4617 | D:6      | Reached * piety under Okawaru
  4677 | D:6      | Noticed Edmund
  4685 | D:6      | Killed Edmund
  4896 | D:7      | Found a blossoming altar of Fedhas.
  4925 | D:7      | Noticed Pikel
  4930 | D:7      | Killed Pikel
  4930 | D:7      | Reached ** piety under Okawaru
  4930 | D:7      | Reached XP level 9. HP: 73/75 MP: 11/11
  5066 | D:7      | Reached skill level 9 in Fighting
  6005 | D:8      | Reached skill level 5 in Invocations
  6074 | D:8      | Noticed a brown ugly thing
  6088 | D:8      | Killed a brown ugly thing
  6088 | D:8      | Reached skill level 10 in Fighting
  6361 | D:8      | Gained mutation: You have a pair of small horns on your head. [potion of mutation]
  6361 | D:8      | Gained mutation: Your spells are a little easier to cast, but a little less powerful. [potion of mutation]
  6363 | D:8      | Lost mutation: You have a pair of small horns on your head. [potion of cure mutation]
  6363 | D:8      | Lost mutation: Your spells are a little easier to cast, but a little less powerful. [potion of cure mutation]
  6410 | D:8      | Found a staircase to the Lair.
  6412 | D:8      | Noticed a cyclops
  6419 | D:8      | Killed a cyclops
  6419 | D:8      | Reached *** piety under Okawaru
  6419 | D:8      | Reached XP level 10. HP: 73/85 MP: 14/14
  6509 | D:8      | Noticed a gargoyle
  6521 | D:8      | Killed a gargoyle
  6889 | D:8      | Found a glowing golden altar of the Shining One.
  7660 | D:9      | Noticed Maurice
  7920 | D:9      | Killed Maurice
  7920 | D:9      | Reached skill level 11 in Fighting
  7943 | D:9      | Found a shimmering altar of Xom.
  8066 | D:9      | Found Hairuzur's Book Shop.
  8442 | D:9      | Noticed bollicks1999's ghost (novice MiFi)
  8457 | D:9      | Killed bollicks1999's ghost
  8457 | D:9      | Reached **** piety under Okawaru
  8457 | D:9      | Received a gift from Okawaru
  8690 | D:9      | Got a warped helmet
  8696 | D:9      | Identified the +2 helmet "Wygh" {rC+} (You found it on level 9 of the Dungeon)
  8723 | D:10     | Entered Level 10 of the Dungeon
  8733 | D:10     | Got a transparent bardiche
  8734 | D:10     | Identified the +3 bardiche "Beast's Curse" {vamp, rPois} (You found it on level 10 of the Dungeon)
  8768 | D:10     | Found a roughly hewn altar of Beogh.
  8768 | D:10     | Found a staircase to the Orcish Mines.
  8798 | D:11     | Reached XP level 11. HP: 37/95 MP: 16/16
  9575 | D:10     | Reached ***** piety under Okawaru
  9579 | D:10     | Reached skill level 12 in Fighting
  9991 | D:10     | Noticed a hill giant
  9997 | D:10     | Killed a hill giant
 10527 | D:11     | Noticed Urug
 10536 | D:11     | Killed Urug
 10570 | D:11     | Received a gift from Okawaru
 10571 | D:11     | Got a distressingly furry ring mail {god gift}
 10582 | D:11     | Identified the +1 ring mail "Foytt" {Int+2} (Okawaru gifted it to you on level 11 of the Dungeon)
 11282 | D:11     | Noticed a hill giant
 11292 | D:11     | Killed a hill giant
 11302 | D:11     | Killed an unseen horror
 11302 | D:11     | Reached skill level 13 in Fighting
 12250 | D:13     | Reached XP level 12. HP: 100/105 MP: 17/17
 12733 | D:13     | Noticed a centaur warrior
 12748 | D:13     | Killed a centaur warrior
 13020 | D:14     | Reached skill level 14 in Fighting
 13605 | D:14     | Received a gift from Okawaru
 13605 | D:14     | Reached skill level 10 in Armour
 13631 | D:14     | Noticed a centaur warrior
 13638 | D:14     | Killed a centaur warrior
 13700 | D:14     | HP: 4/108 [skeletal warrior/dire flail (17)]
 13704 | D:14     | Mangled by a skeletal warrior

Action                   |  1- 3 |  4- 6 |  7- 9 | 10-12 || total
-------------------------+-------+-------+-------+-------++-------
Melee: Whip              |    98 |    85 |       |       ||   183
       Flail             |    12 |       |       |       ||    12
       Morningstar       |       |    46 |   154 |   665 ||   865
Throw: Tomahawk          |       |       |       |     1 ||     1
Invok: Heroism           |       |       |       |     4 ||     4
Evoke: Wand              |       |       |     3 |     3 ||     6
  Use: Scroll            |     2 |       |     7 |     9 ||    18
       Potion            |       |       |    10 |     3 ||    13
 Stab: Paralysed         |       |       |       |     3 ||     3
  Eat: Beef jerky        |     1 |       |       |       ||     1
       Chunk             |     1 |     5 |     8 |    17 ||    31
       Fruit             |       |       |     1 |       ||     1
       Meat ration       |       |       |       |     1 ||     1
       Royal jelly       |       |       |       |     1 ||     1
